 Dungeon Crawl Stone Soup version 0.23.2-40-g277498a001 (webtiles) character file.

Game seed: 12444743934374384699

15885 Felnil the Slayer (level 12, -24/136 HPs)
             Began as a Minotaur Fighter on Aug 13, 2019.
             Was a High Priest of Ru.
             Engulfed by an ice statue's freezing vapour (27 damage)
             ... in an ice cave.
             The game lasted 00:43:28 (10646 turns).

Felnil the Slayer (Minotaur Fighter)               Turns: 10646, Time: 00:43:29

Health: -24/136    AC: 11    Str: 29    XL:     12   Next: 5%
Magic:  11/11      EV:  2    Int:  3    God:    Ru [*****.]
Gold:   1171       SH: 10    Dex: 15    Spells: 11/11 levels left

rFire    . . .     SeeInvis +   x - +3 falchion of Yeast {flame, rElec Dex+7 Stlth+}
rCold    x . .     Gourm    .   c - +0 shield
rNeg     + . .     Faith    .   b - +0 scale mail
rPois    .         Spirit   .   B - +2 hat
rElec    +         Reflect  .   (no cloak)
rCorr    .         Harm     .   l - +2 pair of gloves {Str+3}
MR       +....                  (no boots)
Stlth    +.........             q - amulet of regeneration
HPRegen  0.72/turn              t - +1 ring of slaying
MPRegen  0.12/turn              P - ring of Past Mistakes {rF+ rN+ MR+ Dex-2 SInv}

@: about to teleport, heavily drained
A: retaliatory headbutt, horns 2, dopey 1, inability to train dodging, reduced
EV 1, temperature sensitive
a: Draw Out Power, Power Leap, Apocalypse, Renounce Religion


You were in an ice cave.
You worshipped Ru.
Ru was extremely pleased with you.
You were hungry.

You visited 2 branches of the dungeon, and saw 11 of its levels.
You also visited: Ice Cave.

You collected 1171 gold pieces.

Inventory:

Hand Weapons
 a - a +0 war axe
 h - a +1 vampiric hand axe
 x - the +3 falchion of Yeast (weapon) {flame, rElec Dex+7 Stlth+}
   (You found it on level 7 of the Dungeon)

   It has been specially enchanted to burn those struck by it, causing extra
   injury to most foes and up to half again as much damage against particularly
   susceptible opponents.
   Big, fiery blades are also staple armaments of hydra-hunters.
   It affects your dexterity (+7).
   It insulates you from electricity.
   It makes you more stealthy.
Missiles
 y - 13 tomahawks (quivered)
 z - 3 javelins of returning
Armour
 b - a +0 scale mail (worn)
 c - a +0 shield (worn)
 e - the +5 ring mail of the Solstice {*Contam Int+2 Dex+2, unknown}
   (You found it on level 5 of the Dungeon)

   It affects your intelligence (+2).
   It affects your dexterity (+2).
   It causes magical contamination when unequipped.
 l - a +2 pair of gloves of strength (worn)
 o - a +1 pair of gloves
 w - a +2 pair of gloves
 B - a +2 hat (worn)
Jewellery
 g - an uncursed ring of ice
 q - an amulet of regeneration (around neck)
 t - a +1 ring of slaying (left hand)
 v - an uncursed ring of protection from magic
 C - an uncursed ring of fire
 F - an uncursed ring of magical power
 N - an uncursed ring of flight
 O - an uncursed ring of flight
 P - the ring of Past Mistakes (right hand) {rF+ rN+ MR+ Dex-2 SInv}
   (You found it in an ice cave)

   [ring of protection from magic]

   It affects your dexterity (-2).
   It protects you from fire.
   It protects you from negative energy.
   It affects your resistance to hostile enchantments.
   It lets you see invisible.
 Q - a +2 ring of protection
Wands
 i - a wand of random effects (24)
 m - a wand of flame (7)
 u - a wand of paralysis (3)
 D - a wand of polymorph (3)
 H - a wand of iceblast (8)
 K - a wand of acid (13)
Scrolls
 k - 4 scrolls of remove curse
 p - 2 scrolls of teleportation
 s - 2 scrolls of magic mapping
 G - a scroll of enchant armour
 I - a scroll of amnesia
Potions
 d - a potion of might
 j - a potion of berserk rage
 n - a potion of mutation {unknown}
 r - 3 potions of flight
 A - a potion of cancellation
 E - 2 potions of brilliance {unknown}
 J - 2 potions of lignification {unknown}
 L - a potion of invisibility {unknown}
Comestibles
 f - 11 rations


   Skills:
 + Level 21.1(19.2) Fighting
 - Level 2.4(1.2) Axes
 - Level 3.6(2.3) Armour
 - Level 3.6(2.3) Shields


You had 11 spell levels left.
You didn't know any spells.
Your spell library contained the following spells:

 Spells                   Type           Power        Failure   Level  Hunger
 Beastly Appendage        Tmut           #.....       100%        1    ##.....
 Sticks to Snakes         Tmut           #.......     100%        2    ###....
 Spider Form              Tmut/Pois      #.........   100%        3    ####...
 Ice Form                 Ice/Tmut       #.......     100%        4    #####..
 Blade Hands              Tmut           #.........   100%        5    ######.


Dungeon Overview and Level Annotations

Branches:
Dungeon (8/15)             Temple (0/1) D:5            Lair (3/6) D:8
  Swamp: Lair:2-4    Shoals: Lair:2-4     Snake: Lair:2-4    Spider: Lair:2-4

Altars:
Cheibriados
Elyvilon
Fedhas
Hepliaklqana
Kikubaaqudgha
Nemelex Xobeh
Okawaru
Ru
Sif Muna
Trog
Vehumet
The Shining One

Shops:
D:6 (*=

Annotations:
IceCv exclusion: 2 ice statues


Innate Abilities, Weirdness & Mutations

You reflexively headbutt those who attack you in melee.
You have a pair of horns on your head.
You are dopey. (Int -2)
You cannot train Dodging skill.
You have somewhat slow reflexes. (EV -5)
You are sensitive to extremes of temperature. (rF-, rC-)


Message History

You are feeling hungry.
The ice statue glitters chillingly in the dim dungeon light.
The ice statue is no longer blind.
The ice statue gestures.
The ice statue glitters chillingly in the dim dungeon light.
The ice statue gestures at you.
You slice the ice beast!!
You melt the ice beast!
You kill the ice beast!
You are engulfed in freezing vapours.
You focus your will and slow the ice statue in retribution!
The ice statue gestures.
You are engulfed in freezing vapours.
* * * LOW HITPOINT WARNING * * *
The ice statue gestures at you. The shard of ice hits you!!
You feel a painful chill!
* * * LOW HITPOINT WARNING * * *
Okay, then.
As you read the scroll of teleportation, it crumbles to dust.
You feel strangely unstable.
You are engulfed in freezing vapours.
You die...

##..### ###....###
###........##
###...........##
##..............#
##................
###......○°○........
######...#....○○○.......#
##..##..###...Y☼@○......##
..#....## ###..☼.......##
.####.## ##8#....#8## ##
### ####..#### # #..## #
##..## ##..# ##...#
##...##


You could see 2 ice statues and an ice beast.

Vanquished Creatures
  Gastronok (Lair:2)
  Fannar (Lair:2)
  2 ice dragons (IceCv)
  A hydra (Lair:2)
  A catoblepas (Lair:3)
  Pikel (D:4)
  An elephant (D:8)
  A black mamba (Lair:3)
  Maurice (D:8)
  4 spiny frogs
  2 rime drakes (IceCv)
  Prince Ribbit (D:8)
  2 hippogriffs
  Sigmund (D:2)
  A shadow (D:7)
  A hungry ghost (D:8)
  A basilisk (Lair:3)
  Edmund (D:4)
  5 water moccasins
  Duvessa (D:4)
  4 porcupines
  16 ice beasts
  2 orc warriors
  4 ogres
  An eye of draining (D:6)
  3 wolves (Lair:1)
  6 crocodiles
  2 big kobolds (D:7)
  4 centaurs
  10 bullfrogs
  Dowan (D:4)
  3 scorpions
  2 howler monkeys
  2 crimson imps
  A quasit (D:7)
  2 jellies
  8 orc priests
  5 hounds
  A bullfrog skeleton (D:7)
  A centaur skeleton (D:4)
  3 iguanas
  Natasha (D:2)
  8 orc wizards
  2 worker ants (D:4)
  A hound zombie (D:7)
  3 worker ant zombies
  9 adders
  2 shadow imps
  2 adder skeletons
  2 adder zombies
  6 worms
  6 dart slugs
  4 leopard geckos
  26 orcs
  4 giant cockroaches
  7 goblins
  9 hobgoblins
  9 jackals
  4 quokkas
  11 bats
  9 frilled lizards
  18 kobolds
  2 quokka skeletons (D:7)
  6 rats
  3 fungi
  4 plants
269 creatures vanquished.

Vanquished Creatures (others)
  A spiny frog (Lair:3)
  A komodo dragon (Lair:1)
  An orc wizard (D:8)
  A plant (Lair:1)
4 creatures vanquished.

Grand Total: 273 creatures vanquished

Notes
Turn   | Place    | Note
-------+----------+-------------------------------------------
     0 | D:1      | Felnil the Minotaur Fighter began the quest for the Orb.
     0 | D:1      | Reached XP level 1. HP: 19/19 MP: 0/0
    91 | D:1      | Reached skill level 4 in Fighting
   187 | D:1      | Reached XP level 2. HP: 28/28 MP: 1/1
   291 | D:1      | Reached skill level 5 in Fighting
   375 | D:1      | Reached XP level 3. HP: 29/36 MP: 2/2
   649 | D:2      | Noticed Natasha
   658 | D:2      | Killed Natasha
   776 | D:2      | Reached skill level 6 in Fighting
   776 | D:2      | Reached XP level 4. HP: 42/44 MP: 3/3
   814 | D:2      | Noticed Sigmund
  1080 | D:2      | Killed Sigmund
  1080 | D:2      | Reached skill level 7 in Fighting
  1080 | D:2      | Reached XP level 5. HP: 33/53 MP: 4/4
  1437 | D:2      | Reached skill level 8 in Fighting
  1516 | D:3      | Found a white marble altar of Elyvilon.
  1581 | D:3      | Reached XP level 6. HP: 58/61 MP: 5/5
  1941 | D:3      | You fall through a shaft!
  1946 | D:4      | Found a sacrificial altar of Ru.
  1953 | D:4      | Reached skill level 9 in Fighting
  1958 | D:4      | Became a worshipper of Ru the Awakened
  2078 | D:3      | Found a sparkling altar of Nemelex Xobeh.
  2105 | D:3      | Found a snail-covered altar of Cheibriados.
  2267 | D:3      | Found a faded altar of an unknown god.
  2572 | D:4      | Noticed Edmund
  2583 | D:4      | Killed Edmund
  2583 | D:4      | Reached skill level 10 in Fighting
  2583 | D:4      | Reached XP level 7. HP: 51/72 MP: 6/6
  2984 | D:4      | Noticed Duvessa
  2985 | D:4      | Noticed Dowan
  2989 | D:4      | Killed Duvessa
  2997 | D:4      | Killed Dowan
  2997 | D:4      | Reached skill level 11 in Fighting
  3166 | D:4      | Noticed Pikel
  3174 | D:4      | Paralysed by Pikel for 6 turns
  3180 | D:4      | Killed Pikel
  3180 | D:4      | Reached skill level 12 in Fighting
  3180 | D:4      | Reached XP level 8. HP: 64/85 MP: 7/7
  3453 | D:5      | Entered Level 5 of the Dungeon
  3461 | D:5      | Reached skill level 13 in Fighting
  3611 | D:5      | Gained mutation: You have somewhat slow reflexes. (EV -5)
                  | [Ru sacrifice]
  3611 | D:5      | Reached * piety under Ru
  3619 | D:5      | Found a deep blue altar of Sif Muna.
  3747 | D:5      | Found a staircase to the Ecumenical Temple.
  3750 | D:5      | Found an iron altar of Okawaru.
  4032 | D:5      | Got a crude ring mail
  4340 | D:5      | Found a hazy altar of Hepliaklqana.
  4473 | D:6      | Reached XP level 9. HP: 94/94 MP: 8/8
  4543 | D:6      | Found a blossoming altar of Fedhas.
  4601 | D:6      | Found a glowing golden altar of the Shining One.
  4604 | D:6      | Reached skill level 14 in Fighting
  4743 | D:6      | Found Ydod's Antique Weapon Shop.
  5059 | D:6      | Found an ancient bone altar of Kikubaaqudgha.
  5133 | D:6      | Found an ancient bone altar of Kikubaaqudgha.
  5133 | D:6      | Found Keitauhu's Wicked Wares.
  5334 | D:6      | Found Isel's Jewellery Emporium.
  5508 | D:7      | Got a scorched falchion
  5594 | D:7      | Identified the +3 falchion of Yeast {flame, rElec Dex+7
                  | Stlth+} (You found it on level 7 of the Dungeon)
  5610 | D:7      | Found a bloodstained altar of Trog.
  5664 | D:7      | Reached skill level 15 in Fighting
  5710 | D:7      | Found a radiant altar of Vehumet.
  5755 | D:7      | Gained mutation: You are sensitive to extremes of
                  | temperature. (rF-, rC-) [Ru sacrifice]
  5755 | D:7      | Reached ** piety under Ru
  5755 | D:7      | Reached *** piety under Ru
  5755 | D:7      | Reached **** piety under Ru
  6080 | D:7      | Reached skill level 16 in Fighting
  6273 | D:7      | Found an iron altar of Okawaru.
  6609 | D:8      | Reached XP level 10. HP: 106/107 MP: 9/9
  6654 | D:8      | Noticed an elephant
  6665 | D:8      | Found a staircase to the Lair.
  6668 | D:8      | Killed an elephant
  6949 | D:8      | Noticed Maurice
  6955 | D:8      | Reached skill level 17 in Fighting
  6964 | D:8      | Killed Maurice
  7152 | D:8      | Noticed Prince Ribbit
  7192 | D:8      | Killed Prince Ribbit
  7407 | D:8      | Gained mutation: You cannot train Dodging skill. [Ru
                  | sacrifice]
  7407 | D:8      | Reached ***** piety under Ru
  7538 | Lair:1   | Entered Level 1 of the Lair of Beasts
  7676 | Lair:1   | You fall through a shaft!
  7678 | Lair:2   | Reached skill level 18 in Fighting
  7773 | Lair:1   | Noticed a spiny frog
  7776 | Lair:1   | Noticed a spiny frog
  7782 | Lair:1   | Killed a spiny frog
  7782 | Lair:1   | Killed a spiny frog
  7943 | Lair:1   | You fall through a shaft!
  7943 | Lair:2   | Noticed Gastronok
  7990 | Lair:2   | Noticed Fannar
  8017 | Lair:2   | Killed Fannar
  8017 | Lair:2   | Reached XP level 11. HP: 63/121 MP: 10/10
  8254 | Lair:2   | Noticed a five-headed hydra
  8259 | Lair:2   | Killed a four-headed hydra
  8259 | Lair:2   | Reached skill level 19 in Fighting
  8269 | Lair:2   | Killed Gastronok
  9193 | Lair:3   | Noticed a catoblepas
  9214 | Lair:3   | Killed a catoblepas
  9285 | Lair:3   | HP: 6/124 [black mamba (9)]
  9298 | Lair:2   | HP: 5/124 [crocodile (7)]
  9481 | Lair:3   | Reached skill level 20 in Fighting
  9859 | Lair:3   | Found a frozen archway.
  9871 | IceCv    | Entered an ice cave
 10012 | IceCv    | Gained mutation: You are dopey. (Int -2) [Ru sacrifice]
 10305 | IceCv    | Noticed an ice dragon
 10305 | IceCv    | Noticed an ice dragon
 10323 | IceCv    | Killed an ice dragon
 10323 | IceCv    | Reached skill level 21 in Fighting
 10329 | IceCv    | Killed an ice dragon
 10329 | IceCv    | Reached XP level 12. HP: 39/136 MP: 3/11
 10533 | IceCv    | Got a crude silver ring
 10544 | IceCv    | Identified the ring of Past Mistakes {rF+ rN+ MR+ Dex-2
                  | SInv} (You found it in an ice cave)
 10645 | IceCv    | HP: 3/136 [ice statue/shard of ice (22)]
 10646 | IceCv    | Engulfed by an ice statue's freezing vapour

Skill      XL: |  1  2  3  4  5  6  7  8  9 10 11 |
---------------+----------------------------------+-----
Fighting       | 4 5 6 7 8 10 12 13 16 18 21 | 21.1
Axes           | |  2.4
Armour         | |  3.6
Shields        | |  3.6

Action                   |  1- 3 |  4- 6 |  7- 9 | 10-12 || total
-------------------------+-------+-------+-------+-------++-------
Melee: War axe           |    90 |   140 |   176 |       ||   406
       Headbutt          |    12 |    22 |    65 |    89 ||   188
       Falchion          |       |       |   101 |   260 ||   361
Throw: Tomahawk          |       |       |       |     2 ||     2
Invok: Sacrifice Health  |       |       |     1 |       ||     1
       Power Leap        |       |       |     2 |     4 ||     6
       Sacrifice Resista |       |       |     1 |       ||     1
       Apocalypse        |       |       |       |     6 ||     6
       Draw Out Power    |       |       |       |     1 ||     1
       Sacrifice Nimblen |       |       |       |     1 ||     1
       Sacrifice Purity  |       |       |       |     1 ||     1
 Abil: Evoke Flight      |       |       |       |     1 ||     1
Evoke: Wand              |       |       |       |     5 ||     5
  Use: Scroll            |       |     5 |    13 |     5 ||    23
       Potion            |       |       |       |     6 ||     6
 Stab: Invisible         |       |       |       |     3 ||     3
       Paralysed         |       |       |       |     8 ||     8
       Distracted        |       |       |       |     1 ||     1
  Eat: Chunk             |       |     6 |    10 |    11 ||    27
       Ration            |       |       |     1 |     1 ||     2
Armor: Scale mail        |    51 |    59 |   176 |   146 ||   432
Dodge: Dodged            |    24 |    39 |    46 |    17 ||   126
Block: Shield            |    52 |    53 |   177 |   150 ||   432
       Rpst.: Falchion   |       |       |     1 |     8 ||     9
